 Dungeon Crawl Stone Soup version 0.24.0-13-gcf9b319 (webtiles) character file.

Game seed: 11199828780165347226, levelgen mode: deterministic

92 Fortress the Vexing (level 4, 0/44 HPs)
             Began as an Ogre Arcane Marksman on Jan 13, 2020.
             Succumbed to Sigmund's poison
             ... on level 2 of the Dungeon.
             The game lasted 00:07:45 (2132 turns).

Fortress the Vexing (Ogre Arcane Marksman)          Turns: 2132, Time: 00:07:45

Health: 0/44       AC:  5    Str: 15    XL:     4   Next: 60%
Magic:  5/5        EV: 11    Int: 19    God:
Gold:   66         SH:  0    Dex:  9    Spells: 4/5 levels left

rFire    . . .     SeeInvis .   b - +0 short sword
rCold    . . .     Gourm    .   (no shield)
rNeg     . . .     Faith    .   a - +0 robe
rPois    .         Spirit   .   (helmet restricted)
rElec    .         Reflect  .   (no cloak)
rCorr    .         Harm     .   (gloves unavailable)
MR       .....                  (boots unavailable)
Stlth    +.........             (no amulet)
HPRegen  0.14/turn              d - +2 ring of protection
MPRegen  0.09/turn              g - +1 ring of evasion

@: brilliant, lethally poisoned (0 -> -31), hasted, very quick
A: large, unfitting armour, tough skin 1
a: no special abilities


You were on level 2 of the Dungeon.
You were not hungry.

You visited 1 branch of the dungeon, and saw 3 of its levels.

You collected 66 gold pieces.

Inventory:

Hand Weapons
 b - a +0 short sword (weapon)
 l - a +0 hunting sling
Missiles
 m - 105 stones (quivered)
Armour
 a - a +0 robe (worn)
Jewellery
 d - a +2 ring of protection (left hand)
 g - a +1 ring of evasion (right hand)
Scrolls
 e - 2 scrolls of noise {unknown}
 h - a scroll of amnesia {unknown}
 i - 2 scrolls of enchant weapon {unknown}
 j - a scroll of remove curse {unknown}
 k - 2 scrolls of magic mapping
 o - a scroll of fog {unknown}
 p - a scroll of identify {unknown}
 q - a scroll of teleportation {unknown}
Comestibles
 f - 3 rations


   Skills:
 + Level 2.3 Fighting
 + Level 0.9 Short Blades
 + Level 2.4 Throwing
 + Level 2.8 Dodging
 + Level 0.2 Unarmed Combat
 + Level 1.2 Spellcasting
 + Level 3.3 Hexes


You had 4 spell levels left.
You knew the following spells:

 Your Spells              Type           Power        Failure   Level  Hunger
a - Corona                Hex            ####...      1%          1    ##.....

Your spell library contained the following spells:

 Spells                   Type           Power        Failure   Level  Hunger
 Slow                     Hex            ####....     1%          2    ###....
 Inner Flame              Hex/Fire       ###.....     3%          3    ####...
 Portal Projectile        Hex/Tloc       ###...       3%          3    ####...
 Cause Fear               Hex            ####......   5%          4    #####..
 Leda's Liquefaction      Hex/Erth       ###.......   11%         4    #####..


Dungeon Overview and Level Annotations

Branches:
Dungeon (3/15)

Altars:

Annotations:
D:3 Sigmund


Innate Abilities, Weirdness & Mutations

You are too large for most types of armour.
You have tough skin. (AC +1)


Message History

Reactivating autopickup.
* * * LOW HITPOINT WARNING * * *
You feel very sick.
There is a stone staircase leading down here.
There is a lethal amount of poison in your body!
There is a lethal amount of poison in your body!
There is a lethal amount of poison in your body!
It was a potion of haste.
You feel yourself speed up.
You feel less confused.
* * * LOW HITPOINT WARNING * * *
You feel very sick.
It was a potion of brilliance.
You feel clever all of a sudden.
* * * LOW HITPOINT WARNING * * *
You feel sick.
* * * LOW HITPOINT WARNING * * *
You feel sick.
* * * LOW HITPOINT WARNING * * *
You feel sick.
You die...

## #......#.....#.#
#....[.#.....#.#
######.......#.#
##.#'####.# #........#
###...##### #.....#
#.#..## #.#.@# #.#..#
#.#..### #.##>..#
#.####.######
###.#.........#
########...#.##.####.#
#......#.###.##....#.#
#..........#....##.#.####


There were no monsters in sight!

Vanquished Creatures
  2 adders (D:2)
  3 oozes
  A worm (D:2)
  A dart slug (D:1)
  3 leopard geckos (D:1)
  2 ball pythons
  6 bats
  4 giant cockroaches
  5 goblins
  6 hobgoblins
  3 jackals (D:1)
  5 kobolds
  4 frilled lizards (D:1)
  7 rats
52 creatures vanquished.

Notes
Turn   | Place    | Note
-------+----------+-------------------------------------------
     0 | D:1      | Fortress the Ogre Arcane Marksman began the quest for the
                  | Orb.
     0 | D:1      | Reached XP level 1. HP: 19/19 MP: 2/2
    41 | D:1      | Reached skill level 3 in Hexes
    41 | D:1      | Reached XP level 2. HP: 20/27 MP: 3/3
   665 | D:1      | Reached XP level 3. HP: 33/33 MP: 4/4
  1253 | D:2      | Reached XP level 4. HP: 42/42 MP: 5/5
  2112 | D:3      | Noticed Sigmund
  2131 | D:2      | HP: 2/44 [poisoned by Sigmund]
  2132 | D:2      | Succumbed to Sigmund's poison

Levels and vault maps discovered:
D:1:      erik_arrival_gehennom, layout_rooms
D:2:      layout_basic
D:3:      layout_basic, gup_sewer_entry_bowl, first_ration, uniq_sigmund,
          uniq_grinder, uniq_natasha

Skill      XL: |  1  2  3  4 |
---------------+-------------+-----
Hexes          | 3 |  3.3
Dodging        | 2 |  2.8
Fighting       | 2 |  2.3
Short Blades   | |  0.9
Throwing       | |  2.4
Unarmed Combat | |  0.2
Spellcasting   | |  1.2

Action                   |  1- 3 |  4- 6 || total
-------------------------+-------+-------++-------
Melee: Unarmed           |    55 |       ||    55
       Short sword       |   121 |   108 ||   229
Throw: Large rock        |    22 |     6 ||    28
       Throwing net      |     2 |     2 ||     4
 Cast: Corona            |       |     1 ||     1
  Use: Potion            |       |     4 ||     4
       Scroll            |       |     1 ||     1
  Eat: Chunk             |     1 |     1 ||     2
       Ration            |       |     1 ||     1
Armor: Robe              |    74 |    31 ||   105
Dodge: Dodged            |   126 |    69 ||   195
